TOP OF THE 1ST |
Rice University Owls batting - Pitching for Stanford University Cardinal : RHP Nelson Enriquez
|
Pitching: RHP Nelson Enriquez
|
|
Batting: RHB Caleb Mercer
|
0-0: Called Strike 0-1: Ball 1-1: Ball 2-1: Foul Ball, location: 2F 2-2: Foul Ball, location: 2F 2-2: Foul Ball, location: 2F 2-2: Strikes out looking
|
Batting: RHB Javier Quinones
|
0-0: Hit by Pitch
|
Batting: SHB Ken Wilson
|
0-0: Called Strike 0-1: Fly out, F8 (Flyball, 8RD, EV 90.6 MPH)
|
Batting: LHB Sergio Becerra
|
0-0: Called Strike 0-1: Foul Ball, location: 2F 0-2: Ball 1-2: Strikes out looking
|
Top of the 1st over - 0 runs, 0 hits, 0 errors, 1 left on base; Rice University 0 - Stanford University 0 |
BOTTOM OF THE 1ST |
Stanford University Cardinal batting - Pitching for Rice University Owls : RHP Frank Renteria
|
Pitching: RHP Frank Renteria
|
|
Batting: RHB Josh Benefield
|
0-0: Ball 1-0: Ground out 5-3 (Groundball, 5, EV 110.6 MPH)
|
Batting: RHB Bobby Orantez
|
0-0: Called Strike 0-1: Ball 1-1: Ball 2-1: Ball 3-1: Foul Ball, location: 2F 3-2: Base on Balls
|
Batting: LHB Donny Kleinjan
|
0-0: Foul Ball, location: 2F 0-1: Foul Ball, location: 2F 0-2: Foul Ball, location: 2F 0-2: Fly out, F3 (Popup, 3SF, EV 80.6 MPH)
|
Batting: RHB Joe Petley
|
0-0: Ball 1-0: Fielders Choice at 2nd, 5-4 (Groundball, 5, EV 83.1 MPH)
|
Bottom of the 1st over - 0 runs, 0 hits, 0 errors, 1 left on base; Rice University 0 - Stanford University 0 |
TOP OF THE 2ND |
Rice University Owls batting - Pitching for Stanford University Cardinal : RHP Nelson Enriquez
|
Batting: RHB Allen Jarvis
|
0-0: Ball 1-0: Ground out 5-3 (Groundball, 56S, EV 83.8 MPH)
|
Batting: RHB Alex Alvarez
|
0-0: Called Strike 0-1: Ball 1-1: Fly out, F8 (Flyball, 8RD, EV 95.0 MPH)
|
Batting: RHB Brock Ti
|
0-0: Fly out, F9 (Flyball, 89S, EV 85.0 MPH)
|
Top of the 2nd over - 0 runs, 0 hits, 0 errors, 0 left on base; Rice University 0 - Stanford University 0 |
BOTTOM OF THE 2ND |
Stanford University Cardinal batting - Pitching for Rice University Owls : RHP Frank Renteria
|
Batting: RHB Dzevat Koljevic
|
0-0: Swinging Strike 0-1: Ball 1-1: Foul Ball, location: 2F 1-2: Ball 2-2: Ball 3-2: Strikes out looking
|
Batting: SHB Philippe Huff
|
0-0: Swinging Strike 0-1: Swinging Strike 0-2: Strikes out looking
|
Batting: RHB Erwin Young
|
0-0: Ball 1-0: Ball 2-0: Swinging Strike 2-1: Fly out, F7 (Line Drive, 7, EV 92.5 MPH)
|
Bottom of the 2nd over - 0 runs, 0 hits, 0 errors, 0 left on base; Rice University 0 - Stanford University 0 |
TOP OF THE 3RD |
Rice University Owls batting - Pitching for Stanford University Cardinal : RHP Nelson Enriquez
|
Batting: RHB Frank Renteria
|
0-0: Foul Ball, location: 2F 0-1: Swinging Strike 0-2: Ball 1-2: Strikes out looking
|
Batting: RHB Kunimitsu Araki
|
0-0: Ball 1-0: Ball 2-0: Ball 3-0: Base on Balls
|
Batting: RHB Caleb Mercer
|
0-0: Called Strike 0-1: Ball 1-1: Foul Ball, location: 2F 1-2: Strikes out swinging
|
Batting: RHB Javier Quinones
|
0-0: Called Strike 0-1: Foul Ball, location: 2F 0-2: SINGLE (Groundball, 34D, EV 99.4 MPH) Kunimitsu Araki to second
|
Batting: SHB Ken Wilson
|
0-0: Ball 1-0: Foul Ball, location: 2F 1-1: Ball 2-1: Fly out, F6 (Popup, P, EV 81.2 MPH)
|
Top of the 3rd over - 0 runs, 1 hit, 0 errors, 2 left on base; Rice University 0 - Stanford University 0 |
BOTTOM OF THE 3RD |
Stanford University Cardinal batting - Pitching for Rice University Owls : RHP Frank Renteria
|
Batting: RHB Mike Gard
|
0-0: Hit by Pitch
|
Batting: LHB Mike Keating
|
0-0: Ball 1-0: Grounds into double play, 4-6-3 (Groundball, 4, EV 83.1 MPH)
|
Batting: RHB Josh Benefield
|
0-0: Ground out 6-3 (Groundball, 6, EV 104.4 MPH)
|
Bottom of the 3rd over - 0 runs, 0 hits, 0 errors, 0 left on base; Rice University 0 - Stanford University 0 |
TOP OF THE 4TH |
Rice University Owls batting - Pitching for Stanford University Cardinal : RHP Nelson Enriquez
|
Batting: LHB Sergio Becerra
|
0-0: Ball 1-0: Foul Ball, location: 2F 1-1: Called Strike 1-2: Foul Ball, location: 2F 1-2: Ball 2-2: Strikes out swinging
|
Batting: RHB Allen Jarvis
|
0-0: Ball 1-0: Ball 2-0: Ball 3-0: Called Strike 3-1: Ground out 6-3 (Groundball, 56, EV 106.9 MPH)
|
Batting: RHB Alex Alvarez
|
0-0: Ball 1-0: Foul Ball, location: 2F 1-1: Called Strike 1-2: Ball 2-2: Strikes out looking
|
Top of the 4th over - 0 runs, 0 hits, 0 errors, 0 left on base; Rice University 0 - Stanford University 0 |
BOTTOM OF THE 4TH |
Stanford University Cardinal batting - Pitching for Rice University Owls : RHP Frank Renteria
|
Batting: RHB Bobby Orantez
|
0-0: Fly out, F1 (Line Drive, P, EV 60.6 MPH)
|
Batting: LHB Donny Kleinjan
|
0-0: Ball 1-0: Foul Ball, location: 2F 1-1: Ball 2-1: Ground out 4-3 (Groundball, 4, EV 91.9 MPH)
|
Batting: RHB Joe Petley
|
0-0: Ball 1-0: Called Strike 1-1: Foul Ball, location: 2F 1-2: Ball 2-2: Fly out, F4 (Line Drive, 34, EV 68.8 MPH)
|
Bottom of the 4th over - 0 runs, 0 hits, 0 errors, 0 left on base; Rice University 0 - Stanford University 0 |
TOP OF THE 5TH |
Rice University Owls batting - Pitching for Stanford University Cardinal : RHP Nelson Enriquez
|
Batting: RHB Brock Ti
|
0-0: Ball 1-0: Called Strike 1-1: Swinging Strike 1-2: Strikes out swinging
|
Batting: RHB Frank Renteria
|
0-0: Called Strike 0-1: Ball 1-1: Swinging Strike 1-2: Foul Ball, location: 2F 1-2: SINGLE (Line Drive, 89S, EV 86.2 MPH)
|
Batting: RHB Kunimitsu Araki
|
0-0: Ball 1-0: Ball 2-0: Ball 3-0: Called Strike 3-1: Fly out, F9 (Line Drive, 89S, EV 93.1 MPH)
|
Pinch Hitting: RHB Emanuel Pulido
|
0-0: Ball 1-0: Foul Ball, location: 2F 1-1: Called Strike 1-2: Ball 2-2: Foul Ball, location: 2F 2-2: Strikes out swinging
|
Top of the 5th over - 0 runs, 1 hit, 0 errors, 1 left on base; Rice University 0 - Stanford University 0 |
BOTTOM OF THE 5TH |
Stanford University Cardinal batting - Pitching for Rice University Owls : RHP Frank Renteria
|
Now at C: Aldred Lieshout
|
|
Now at 1B: Nick Biel
|
|
Now in RF: Emanuel Pulido
|
|
Batting: RHB Dzevat Koljevic
|
0-0: Called Strike 0-1: Called Strike 0-2: Ball 1-2: Ball 2-2: Strikes out swinging
|
Batting: SHB Philippe Huff
|
0-0: Ball 1-0: Fly out, F9 (Flyball, 9LS, EV 86.9 MPH)
|
Batting: RHB Erwin Young
|
0-0: Ball 1-0: Called Strike 1-1: Foul Ball, location: 2F 1-2: Ball 2-2: Fly out, F9 (Flyball, 89M, EV 87.5 MPH)
|
Bottom of the 5th over - 0 runs, 0 hits, 0 errors, 0 left on base; Rice University 0 - Stanford University 0 |
TOP OF THE 6TH |
Rice University Owls batting - Pitching for Stanford University Cardinal : RHP Nelson Enriquez
|
Pitching: RHP Andy Swan
|
|
Pinch Hitting: RHB Jim Grosso
|
0-0: DOUBLE (Line Drive, 3D, EV 102.5 MPH)
|
Pinch Hitting: RHB Jose Soto
|
0-0: Ball 1-0: Called Strike 1-1: Foul Ball, location: 2F 1-2: Ball 2-2: Ball 3-2: Ground out 6-3 (Groundball, 56, EV 105.0 MPH)
|
Batting: LHB Aldred Lieshout
|
0-0: Ball 1-0: Ball 2-0: Ball 3-0: Called Strike 3-1: Base on Balls
|
Batting: RHB Allen Jarvis
|
0-0: Ball 1-0: Called Strike 1-1: Called Strike 1-2: Strikes out swinging
|
Batting: RHB Alex Alvarez
|
0-0: Called Strike 0-1: Ball 1-1: Swinging Strike 1-2: Ball 2-2: Strikes out swinging
|
Top of the 6th over - 0 runs, 1 hit, 0 errors, 2 left on base; Rice University 0 - Stanford University 0 |
BOTTOM OF THE 6TH |
Stanford University Cardinal batting - Pitching for Rice University Owls : RHP Frank Renteria
|
Now at 3B: Jim Grosso
|
|
Now in LF: Jose Soto
|
|
Batting: RHB Mike Gard
|
0-0: Called Strike 0-1: Ball 1-1: Ball 2-1: Ground out 6-3 (Groundball, 6, EV 90.0 MPH)
|
Batting: LHB Mike Keating
|
0-0: Fly out, F9 (Flyball, 89S, EV 78.8 MPH)
|
Pinch Hitting: RHB Ricky Medina
|
0-0: Called Strike 0-1: Foul Ball, location: 2F 0-2: Ball 1-2: Ball 2-2: Strikes out looking
|
Bottom of the 6th over - 0 runs, 0 hits, 0 errors, 0 left on base; Rice University 0 - Stanford University 0 |
TOP OF THE 7TH |
Rice University Owls batting - Pitching for Stanford University Cardinal : RHP Andy Swan
|
Pitching: RHP Steven Townsend
|
|
Now in RF: Eric McDonald
|
|
Pinch Hitting: LHB Chris Gonzales
|
0-0: Ball 1-0: Ball 2-0: Called Strike 2-1: Ball 3-1: Swinging Strike 3-2: Strikes out looking
|
Pinch Hitting: SHB Wendel van Baal
|
0-0: Ball 1-0: Foul Ball, location: 2F 1-1: Called Strike 1-2: Fly out, F8 (Flyball, 89M, EV 93.8 MPH)
|
Batting: RHB Nick Biel
|
0-0: Ball 1-0: Foul Ball, location: 2F 1-1: Hit by Pitch
|
Batting: RHB Emanuel Pulido
|
0-0: Foul Ball, location: 2F 0-1: Swinging Strike 0-2: Foul Ball, location: 2F 0-2: Ball 1-2: Fielders Choice at 2nd, U6 (Groundball, 6M, EV 88.8 MPH)
|
Top of the 7th over - 0 runs, 0 hits, 0 errors, 1 left on base; Rice University 0 - Stanford University 0 |
BOTTOM OF THE 7TH |
Stanford University Cardinal batting - Pitching for Rice University Owls : RHP Frank Renteria
|
Pitching: RHP Ronan Thompson
|
|
Now in CF: Chris Gonzales
|
|
Batting: RHB Bobby Orantez
|
0-0: Ball 1-0: Fly out, F9 (Line Drive, 9LM, EV 90.6 MPH)
|
Pitching: LHP Shan Ping
|
|
Batting: LHB Donny Kleinjan
|
0-0: DOUBLE (Line Drive, 5D, EV 98.8 MPH)
|
Pitching: RHP Daniel Bushby
|
|
Batting: RHB John Van der Linden
|
0-0: Ball 1-0: Foul Ball, location: 2F 1-1: Foul Ball, location: 2F 1-2: Strikes out looking
|
Batting: RHB Dzevat Koljevic
|
0-0: Called Strike 0-1: Called Strike 0-2: Strikes out swinging, 2-3 out at first.
|
Bottom of the 7th over - 0 runs, 1 hit, 0 errors, 1 left on base; Rice University 0 - Stanford University 0 |
TOP OF THE 8TH |
Rice University Owls batting - Pitching for Stanford University Cardinal : RHP Steven Townsend
|
Pitching: RHP Dante Verduzco
|
|
Batting: RHB Jim Grosso
|
0-0: Ball 1-0: Swinging Strike 1-1: Ball 2-1: Foul Ball, location: 2F 2-2: Strikes out swinging
|
Batting: RHB Jose Soto
|
0-0: Ball 1-0: Ball 2-0: Called Strike 2-1: Called Strike 2-2: Ball 3-2: Foul Ball, location: 2F 3-2: SINGLE (Groundball, 34D, EV 96.2 MPH)
|
Batting: LHB Aldred Lieshout
|
0-0: Foul Ball, location: 2F 0-1: Foul Ball, location: 2F 0-2: Ball 1-2: Strikes out swinging
|
Batting: RHB Allen Jarvis
|
0-0: Ball 1-0: Ball 2-0: Foul Ball, location: 2F 2-1: Foul Ball, location: 2F 2-2: SINGLE (Line Drive, 6D, EV 108.8 MPH) Jose Soto to second
|
Pitching: LHP Larry Steen
|
|
Batting: RHB Alex Alvarez
|
0-0: Fielders Choice at 2nd, 5-4 (Groundball, 56, EV 83.8 MPH)
|
Top of the 8th over - 0 runs, 2 hits, 0 errors, 2 left on base; Rice University 0 - Stanford University 0 |
BOTTOM OF THE 8TH |
Stanford University Cardinal batting - Pitching for Rice University Owls : RHP Daniel Bushby
|
Pitching: RHP Dong-ook Yaung
|
|
Batting: SHB Philippe Huff
|
0-0: Called Strike 0-1: Called Strike 0-2: Foul Ball, location: 2F 0-2: Strikes out swinging
|
Batting: RHB Erwin Young
|
0-0: SINGLE (Groundball, 56S, EV 67.5 MPH) (infield hit)
|
Batting: RHB Mike Gard
|
0-0: Fly out, F7 (Flyball, 7D, EV 101.9 MPH)
|
Pinch Hitting: RHB Gary Preston
|
0-0: Called Strike 0-1: Swinging Strike 0-2: Ground out 1-3 (Groundball, 15S, EV 73.8 MPH)
|
Bottom of the 8th over - 0 runs, 1 hit, 0 errors, 1 left on base; Rice University 0 - Stanford University 0 |
TOP OF THE 9TH |
Rice University Owls batting - Pitching for Stanford University Cardinal : LHP Larry Steen
|
Now in LF: Gary Preston
|
|
Batting: LHB Chris Gonzales
|
0-0: Foul Ball, location: 2F 0-1: Ball 1-1: Ball 2-1: Foul Ball, location: 2F 2-2: Foul Ball, location: 2F 2-2: Ball 3-2: Base on Balls
|
Pinch Hitting: RHB Neil Worth
|
0-0: Ball 1-0: Called Strike 1-1: Called Strike 1-2: Foul Ball, location: 2F 1-2: Strikes out swinging Chris Gonzales steals 2nd base Batter strikes out.
|
Batting: RHB Nick Biel
|
0-0: SINGLE (Groundball, 5D, EV 98.1 MPH) Chris Gonzales to third Runner from 3rd tries for Home, SAFE, throw by LF to home
|
Batting: RHB Emanuel Pulido
|
0-0: Called Strike 0-1: Called Strike 0-2: Ball 1-2: Ball 2-2: Fielders Choice at 2nd, 4-6 (Groundball, 4M, EV 106.9 MPH)
|
Batting: RHB Jim Grosso
|
0-0: Ground out 4-3 (Groundball, 4, EV 99.4 MPH)
|
Top of the 9th over - 1 run, 1 hit, 0 errors, 1 left on base; Rice University 1 - Stanford University 0 |
BOTTOM OF THE 9TH |
Stanford University Cardinal batting - Pitching for Rice University Owls : RHP Dong-ook Yaung
|
Pitching: LHP Bill Cheatham
|
|
Batting: RHB Eric McDonald
|
0-0: Ball 1-0: Called Strike 1-1: Ball 2-1: Ball 3-1: Foul Ball, location: 2F 3-2: Strikes out swinging
|
Batting: RHB Bobby Orantez
|
0-0: Ball 1-0: Ball 2-0: Foul Ball, location: 2F 2-1: Ground out 6-3 (Groundball, 56, EV 91.9 MPH)
|
Batting: LHB Donny Kleinjan
|
0-0: Ball 1-0: Foul Ball, location: 2F 1-1: Ball 2-1: Called Strike 2-2: Ball 3-2: Foul Ball, location: 2F 3-2: Foul Ball, location: 2F 3-2: Foul Ball, location: 2F 3-2: Fly out, F9 (Flyball, 9LS, EV 96.2 MPH)
|
Bottom of the 9th over - 0 runs, 0 hits, 0 errors, 0 left on base; Rice University 1 - Stanford University 0 |
|